 Dungeon Crawl Stone Soup version 0.28-a0-1002-gf00fe891ef (webtiles) character file.

Game seed: 973099215947044963

54 joejoepie the Skirmisher (level 3, -7/29 HPs)
             Began as a Demonspawn Abyssal Knight on Dec 6, 2021.
             Was a Follower of Lugonu.
             Mangled by Terence (9 damage)
             ... on level 2 of the Dungeon.
             The game lasted 00:05:42 (1501 turns).

joejoepie the Skirmisher (DsAK)                     Turns: 1501, Time: 00:05:43

Health: -7/29      AC:  3    Str: 15    XL:     3   Next: 66%
Magic:  4/4        EV: 10    Int: 11    God:    Lugonu [*.....]
Gold:   21         SH:  3    Dex: 13    Spells: 2/2 levels left

rFire   . . .      SeeInvis .   a - +1 falchion
rCold   + . .      Faith    .   f - +0 buckler
rNeg    . . .      Spirit   .   b - +0 leather armour
rPois   .          Reflect  .   (no helmet)
rElec   .          Harm     .   (no cloak)
rCorr   .          Rampage  .   (no gloves)
Will    .....                   (no boots)
Stlth   +.........              (no amulet)
HPRegen 0.09/turn               d - ring of protection from cold
MPRegen 0.09/turn               (no ring)

@: no status effects
A: spiny 1, demonic touch 1
a: Renounce Religion, Depart the Abyss


You were on level 2 of the Dungeon.
You worshipped Lugonu.
Lugonu was aware of your devotion.
You visited 1 branch of the dungeon, and saw 2 of its levels.
You visited the Abyss 1 time.

You collected 21 gold pieces.

Inventory:

Hand Weapons
 a - a +1 falchion (weapon)
 e - a +0 hunting sling
Armour
 b - a +0 leather armour (worn)
 f - a +0 buckler (worn)
Jewellery
 d - a ring of protection from cold (left hand)
 g - a ring of poison resistance
Scrolls
 c - a scroll of identify
 h - a scroll of immolation


   Skills:
 + Level 3.4 Fighting
 + Level 2.8 Long Blades
 + Level 2.1 Armour
 + Level 1.1 Dodging
 + Level 0.2 Stealth
 + Level 2.4 Invocations


You had 2 spell levels left.
You didn't know any spells.
Your spell library contained the following spells:

 Spells                   Type           Power      Damage    Failure   Level
 Magic Dart               Conj           0%         1d3       58%         1
 Call Imp                 Summ           0%         N/A       73%         2
 Mephitic Cloud           Conj/Pois/Air  0%         N/A       91%         3


Dungeon Overview and Level Annotations

Branches:
Dungeon (2/15)

Altars:

Annotations:
D:2 Terence


Innate Abilities, Weirdness & Mutations

You are partially covered in sharp spines.
Your touch may inflict minor irresistible damage on your foes.


Message History

You hit Terence but do no damage. Terence is struck by your spines.
Terence hits you with a +0 flail.
You barely miss Terence.
Terence is lightly wounded.
Terence completely misses you.
You closely miss Terence.
Terence is lightly wounded.
Terence hits you with a +0 flail!
You closely miss Terence.
Terence is lightly wounded.
Terence hits you but does no damage. Terence screams, "I want your blood!"
Terence closely misses you.
You hit Terence but do no damage.
Terence is lightly wounded.
Terence closely misses you.
You hit Terence but do no damage.
Terence is lightly wounded.
You block Terence's attack.
You barely miss Terence. Terence hits you with a +0 flail.
You aren't carrying any potions.
Okay, then.
You hit Terence.
Terence is moderately wounded.
Terence misses you. Terence is struck by your spines.
Terence hits you with a +0 flail!
* * * LOW HITPOINT WARNING * * *
You hit Terence but do no damage.
Terence is moderately wounded.
Terence barely misses you.
You hit Terence.
Terence is heavily wounded.
Terence barely misses you.
You hit Terence.
Terence is heavily wounded.
Terence is struck by your spines. Terence misses you.
You hit Terence but do no damage.
Terence is severely wounded.
Terence hits you with a +0 flail!
You die...

.....###.# ...#.#
#.# ##.#.###.###
.....#.....#
.#†#.#.#.#.#
.........#.#
.#.#.#...#.# ###
...#.#.....#######.#
.#†#...#.#......@@.#
.......#.#.#######.#
.......#.#.# #.#
..#....+...# #.#
#.#....#.### #.#
..###+##.# #.#
..###.##.# #.#
.#.......# #.#
.#....####### #.#


You could see Terence.

Vanquished Creatures
  2 adders (D:2)
  6 ball pythons
  4 endoplasms (D:1)
  5 hobgoblins
  A kobold (D:1)
  A quokka (D:1)
  A bat (D:1)
  3 frilled lizards
  6 goblins
  5 rats (D:1)
34 creatures vanquished.

Notes
Turn   | Place    | Note
-------+----------+-------------------------------------------
     0 | Abyss:1  | joejoepie the Demonspawn Abyssal Knight began the quest for
                  | the Orb.
     0 | Abyss:1  | Reached XP level 1. HP: 18/18 MP: 2/2
     0 | D:1      | Escaped the Abyss
   265 | D:1      | Reached * piety under Lugonu
   312 | D:1      | Gained mutation: You are partially covered in sharp spines.
                  | [demonic ancestry]
   312 | D:1      | Reached XP level 2. HP: 24/24 MP: 3/3
   397 | D:1      | Reached skill level 1 in Dodging
   864 | D:1      | Gained mutation: Your touch may inflict minor irresistible
                  | damage on your foes. [demonic ancestry]
   864 | D:1      | Reached XP level 3. HP: 27/29 MP: 4/4
  1482 | D:2      | Noticed Terence
  1501 | D:2      | Mangled by Terence

Illustrated notes

Levels and vault maps discovered:
D:1:      minmay_arrival_four_houses, layout_basic, minmay_tetromino_t4
D:2:      layout_basic, basic_altar, uniq_terence

Skill      XL: |  1  2 |
---------------+-------+-----
Long Blades    | 2 |  2.8
Armour         | 2 |  2.1
Dodging        | 1 |  1.1
Fighting       | |  3.4
Stealth        | |  0.2
Invocations    | |  2.4

Action                   || total
-------------------------++-------
Melee: Falchion          ||    77
Invok: Depart the Abyss  ||     1
  Use: Scroll            ||     2
       Potion            ||     2
Armor: Leather armour    ||    14
Dodge: Dodged            ||    27
Block: Buckler           ||     8

Table legend: (Time is in decaauts)
 A = Elapsed time spent in this place.
 B = Non-inter-level travel time spent in this place.
 C = Inter-level travel time spent in this place.
 D = Time resting spent in this place.
 E = Time spent auto-exploring this place.
 F = Levels seen in this place.
 G = Mean time per level.
                   A        B        C        D        E       F      G
               +--------+--------+--------+--------+--------+-----+--------+
         Total |   1519 |   1487 |     32 |    509 |    631 |   3 |  506.3 |
       Dungeon |   1519 |   1487 |     32 |    509 |    631 |   2 |  759.5 |
         Abyss |      0 |      0 |      0 |      0 |      0 |   1 |    0.0 |
               +--------+--------+--------+--------+--------+-----+--------+

Top non-repeatable levels by time:
     D:1: 1007 daAuts
     D:2: 511 daAuts
